 Dungeon Crawl Stone Soup version 0.30-a0-715-gdb4ae3ece1 (webtiles) character file.

Game seed: 4186338989713080030

133 Zenkrye the Insei (level 4, -1/34 HPs)
             Began as a Demigod Transmuter on Jan 23, 2023.
             Slain by a gnoll
             ... wielding a +0 whip
             ... led by a gnoll bouda
              (4 damage)
             ... on level 3 of the Dungeon.
             The game lasted 00:07:08 (2249 turns).

Zenkrye the Insei (Demigod Transmuter)              Turns: 2249, Time: 00:07:09

Health: -1/34      AC:  2    Str: 11    XL:     4   Next: 64%
Magic:  5/9        EV: 19    Int: 25    God:
Gold:   153        SH:  0    Dex: 19    Spells: 3/7 levels left

rFire   . . .      SeeInvis .      - Unarmed
rCold   . . .      Faith    .    (shield currently unavailable)
rNeg    . . .      Spirit   .    (body armour currently unavailable)
rPois   x          Reflect  .    (helmet currently unavailable)
rElec   .          Harm     .    (cloak currently unavailable)
rCorr   .          Rampage  .    (gloves currently unavailable)
Will    .....                    (boots currently unavailable)
Stlth   ++                       (no amulet)
HPRegen 0.25/turn                t - +6 ring of intelligence
MPRegen 0.11/turn                (no ring)

@: spider-form
A: venomous fangs, tiny, high MP 1, forlorn, divine attributes
a: End Transformation


You were on level 3 of the Dungeon.
You were a venomous arachnid creature.
You visited 1 branch of the dungeon, and saw 4 of its levels.

You collected 153 gold pieces.

Inventory:

Hand Weapons
 d - a +0 sling (melded)
Missiles
 e - 4 atropa-tipped darts (quivered)
Armour
 a - a +0 robe (melded)
 f - a +0 helmet (melded)
 h - a +0 pair of gloves (melded)
Jewellery
 t - a +6 ring of intelligence (left front pincers)
Potions
 b - a potion of lignification
 c - a potion of haste {@q3}
 g - a potion of curing {@q1}
 j - a potion of heal wounds {unknown}
 k - a potion of brilliance


   Skills:
 - Level 0.8 Fighting
 - Level 1.7 Dodging
 - Level 4.0 Unarmed Combat
 - Level 2.0 Spellcasting
 + Level 2.7 Transmutations
 + Level 1.9 Poison Magic


You had 3 spell levels left.
You knew the following spells:

 Your Spells              Type           Power      Damage    Failure   Level
a - Beastly Appendage     Tmut           32%        N/A       12%         1
b - Spider Form           Tmut/Pois      14%        N/A       30%         3

Your spell library contained the following spells:

 Spells                   Type           Power      Damage    Failure   Level
 Wereblood                Tmut           16%        N/A       16%         2
 Lesser Beckoning         Tloc           4%         N/A       36%         2
 Gell's Gravitas          Tloc           2%         N/A       54%         3
 Ozocubu's Armour         Ice            2%         N/A       54%         3
 Teleport Other           Tloc           2%         N/A       54%         3
 Ice Form                 Ice/Tmut       9%         N/A       75%         4
 Ozocubu's Refrigeration  Ice            1%         4d7       100%        7


Dungeon Overview and Level Annotations

Branches:
Dungeon (4/15)
 Temple: D:4-7


Innate Abilities, Weirdness & Mutations

You are a venomous arachnid creature.
You have venomous fangs.
You are tiny and dextrous.
Your spellcasting is less reliable in this form.
Your armour is entirely melded.
You are incapable of wielding weapons or throwing items.
You have an increased reservoir of magic. (+10% MP)
You shall have no god before yourself.
Your divine heritage dramatically boosts your attributes as you level up.


Message History

The gnoll barely misses you.
You climb upwards.
There is a stone staircase leading down here.
The gnoll attacks as you move away! The gnoll hits you with a +0 whip.
Your transformation is almost over.
The gnoll bouda attacks as you move away!
The gnoll bouda misses you.
The gnoll bouda attacks as you move away!
The gnoll bouda hits you with a +0 club!
You bite the gnoll bouda!
The gnoll bouda is poisoned.
The gnoll bouda is moderately wounded.
The gnoll bouda closely misses you.
You hit the gnoll bouda but do no damage.
The gnoll bouda is heavily wounded.
The gnoll bouda hits you with a +0 club!
* * * LOW HITPOINT WARNING * * *
You hit the gnoll bouda.
The gnoll bouda looks as sick as possible!
The gnoll bouda is almost dead.
The gnoll is no longer moving quickly.
You kill the gnoll bouda!
You hit the gnoll.
The gnoll is poisoned.
The gnoll is lightly wounded.
Your attacks no longer feel as feeble.
The gnoll closely misses you.
You completely miss the gnoll.
The gnoll is moderately wounded.
Your transformation has ended.
Your +0 sling unmelds from your body.
Your +0 helmet unmelds from your body.
Your +0 pair of gloves unmelds from your body.
Your +0 robe unmelds from your body.
The gnoll hits you with a +0 whip.
* * * LOW HITPOINT WARNING * * *
Casting: Spider Form (quite dangerous; 13% risk of failure)
Confirm with . or Enter, or press ? or * to list all spells.
The spell is quite dangerous to miscast (13% risk of failure)!
Continue anyway?
You turn into a venomous arachnid creature.
Your +0 sling melds into your body.
Your +0 helmet melds into your body.
Your +0 pair of gloves melds into your body.
Your +0 robe melds into your body.
The gnoll hits you with a +0 whip.
You die...

...+."...'...###.##.#
...#.....#..####.##.#
...#.....#.###.#....#
..####'######..#.########
.###.....###...'........#
###.....###....#.######.#
##.....###.....#.######>##
#.....###.....##.........#######
.....###.....###s######........#
##'#######'#####g# ##...###.#
.................# #..#.##..#
.####..#....###.## ###'##'##'###
######..........# #.....#.....#
.....####....>#######.....#.....#
......#.............+##'##+##)##'
......#.........##.##..#.....#..#
......#........###.##..#'###+#..#


You could see a gnoll (very poisoned).

Vanquished Creatures
  A gnoll bouda (D:3)
  2 gnolls (D:4)
  3 adders
  An orc (D:3)
  3 ball pythons
  5 bats
  7 endoplasms
  3 giant cockroaches
  5 goblins
  4 hobgoblins
  4 jackals
  4 quokkas
  A frilled lizard (D:3)
  5 kobolds
  6 rats
54 creatures vanquished.

Notes
Turn   | Place    | Note
-------+----------+-------------------------------------------
     0 | D:1      | Zenkrye the Demigod Transmuter began the quest for the Orb.
     0 | D:1      | Reached XP level 1. HP: 15/15 MP: 5/5
    66 | D:1      | Reached skill level 3 in Unarmed Combat
    83 | D:1      | Reached XP level 2. HP: 10/22 MP: 5/7
   740 | D:2      | Reached skill level 4 in Unarmed Combat
   740 | D:2      | Reached XP level 3. HP: 24/27 MP: 6/8
   744 | D:2      | Learned a level 3 spell: Spider Form
  1778 | D:3      | Identified the +2 robe of the End {rF+}
  1815 | D:3      | Reached skill level 1 in Poison Magic
  2171 | D:4      | Reached XP level 4. HP: 23/34 MP: 5/9
  2249 | D:3      | Slain by a gnoll

Illustrated notes

Levels and vault maps discovered:
D:1:      amcnicky_arrival_double_pillar, layout_rooms
D:2:      layout_rooms, basic_altar
D:3:      layout_loops_ring, cheibrodos_ashenzari_chains,
          mainiacjoe_overflow_24_doors, kennysheep_another_room,
          nicolae_hexahallways, roderic_serpentine_path, grunt_ministairs_1,
          minmay_quadrilaterals
D:4:      layout_cave_pools, grunt_temple_overflow_diamond

Skill      XL: |  1  2  3 |
---------------+----------+-----
Unarmed Combat | 3 4 |  4.0
Transmutations | 2 |  2.7
Spellcasting   | 2 |  2.0
Poison Magic   | 1 |  1.9
Fighting       | |  0.8
Dodging        | |  1.7

Action                     |  1- 3 |  4- 6 || total
---------------------------+-------+-------++-------
  Melee: Unarmed           |   116 |    13 ||   129
         Kick              |     8 |       ||     8
         Headbutt          |     6 |       ||     6
         Punch             |     1 |       ||     1
   Fire: Sling             |    30 |       ||    30
  Throw: Boomerang         |    24 |       ||    24
         Stone             |    10 |       ||    10
         Dart              |     3 |       ||     3
   Cast: Beastly Appendage |     8 |       ||     8
         Spider Form       |     5 |     2 ||     7
    Use: Scroll            |     6 |       ||     6
 Armour: Robe              |    17 |       ||    17
  Dodge: Dodged            |   100 |    11 ||   111

Table legend: (Time is in decaauts)
 A = Elapsed time spent in this place.
 B = Non-inter-level travel time spent in this place.
 C = Inter-level travel time spent in this place.
 D = Time resting spent in this place.
 E = Time spent auto-exploring this place.
 F = Levels seen in this place.
 G = Mean time per level.
                   A        B        C        D        E       F      G
               +--------+--------+--------+--------+--------+-----+--------+
         Total |   2261 |   2215 |     46 |     67 |   1722 |   4 |  565.2 |
       Dungeon |   2261 |   2215 |     46 |     67 |   1722 |   4 |  565.2 |
               +--------+--------+--------+--------+--------+-----+--------+

Top non-repeatable levels by time:
     D:3: 1205 daAuts
     D:1: 566 daAuts
     D:2: 469 daAuts
     D:4: 20 daAuts
